 Dungeon Crawl Stone Soup version 0.20.1-1-g8b1a95d (webtiles) character file.

305 letownia2 the Reanimator (level 6, 0/49 HPs)
             Began as a Deep Dwarf Necromancer on Nov 11, 2017.
             Killed by nerve-wracking pain
             ... invoked by a shadow imp
              (11 damage)
             ... on level 5 of the Dungeon.
             The game lasted 00:05:09 (1409 turns).

letownia2 the Reanimator (Deep Dwarf Necromancer)   Turns: 1409, Time: 00:05:09

Health: 0/49       AC:  5    Str: 12    XL:     6   Next: 15%
Magic:  2/9        EV: 11    Int: 23    God:
Gold:   129        SH:  0    Dex: 13    Spells: 5/9 levels left

rFire    . . .     SeeInvis .   b - +1 halberd (venom)
rCold    . . .     Gourm    .   (shield currently unavailable)
rNeg     . . .     Faith    .   l - +0 ring mail
rPois    .         Spirit   .   (no helmet)
rElec    .         Reflect  .   (no cloak)
rCorr    .         Harm     .   (no gloves)
MR       .....                  (no boots)
Stlth    +.........             (no amulet)
Regen    0.0/turn               m - +6 ring of intelligence
MPRegen  0.2/turn               (no ring)

@: non-regenerating, drained
A: damage resistance, heal wounds, sense surroundings 1, no regeneration
a: Heal Wounds


You were on level 5 of the Dungeon.
You were very hungry.

You visited 1 branch of the dungeon, and saw 6 of its levels.

You collected 129 gold pieces.

Inventory:

Hand Weapons
 a - a +1 short sword of freezing
 b - a +1 halberd of venom (weapon)
 n - a +0 war axe
Armour
 l - a +0 ring mail (worn)
Jewellery
 m - a +6 ring of intelligence (left hand)
Scrolls
 e - 2 scrolls of teleportation {unknown}
 h - a scroll of identify {unknown}
 i - a scroll of magic mapping {unknown}
 k - a scroll of enchant weapon {unknown}
 r - a scroll of remove curse {unknown}
Potions
 f - 2 potions of haste {unknown}
 g - 4 potions of degeneration {unknown}
 o - 3 potions of curing {unknown}
 p - a potion of flight {unknown}
Books
 j - a book of Necromancy

   Spells                             Type                      Level
   a - Pain                           Necromancy                   1
   b - Animate Skeleton               Necromancy                   1
   c - Vampiric Draining              Necromancy                   3
   d - Regeneration                   Charms/Necromancy            3
   e - Animate Dead                   Necromancy                   4
   f - Control Undead                 Necromancy                   4
Comestibles
 c - 2 bread rations
 d - 2 meat rations
 q - a royal jelly
 s - 4 fruits


   Skills:
 - Level 2.1(2.0) Dodging
 - Level 2.4(2.3) Stealth
 - Level 2.2(2.1) Spellcasting
 + Level 8.0(7.8) Necromancy


You had 5 spell levels left.
You knew the following spells:

 Your Spells              Type           Power        Failure   Level  Hunger
a - Pain                  Necr           ####         1%          1    #......
v - Vampiric Draining     Necr           #####.....   3%          3    ###....


Dungeon Overview and Level Annotations

Branches:
Dungeon (6/15)
 Temple: D:4-7

Altars:
Cheibriados
Dithmenos
Qazlal
Yredelemnul

Shops:
D:5 ?   D:6 !


Innate Abilities, Weirdness & Mutations

You are resistant to damage.
You can heal yourself by infusing magical energy.
You passively map a small area around you.
You do not regenerate.


Message History

The shadow imp is heavily wounded.
The shadow imp closely misses you.
Unknown command.
Attack whom?
Press: ? - help, Dir - move target cursor, f/p - shadow imp
Aim: a shadow imp (heavily wounded)
You barely miss the shadow imp.
The shadow imp is heavily wounded.
The shadow imp hits you.
* * * LOW HITPOINT WARNING * * *
The shadow imp hits you but does no damage.
Unknown command.
Attack whom?
Press: ? - help, Dir - move target cursor, f/p - shadow imp
Aim: a shadow imp (heavily wounded)
You closely miss the shadow imp.
The shadow imp is heavily wounded.
The shadow imp gestures at you. Pain shoots through your body!
You die...

#.......##...
##......####..
, ,
##.........##.
, #.......####
#.......# **,**
#.......#
##......##
##..†#..## , ,
#⌠.⌠@...### * ,
#.∩5###...#
#⌠.⌠..#..... ,#
#.....##.### ..
*
#####..#...#...
##lh##....#,
#........# ,
###..##..# *
##.# ,.#


You could see a shadow imp.

Vanquished Creatures
  A scorpion (D:4)
  A wight (D:6)
  2 howler monkeys (D:5)
  A jelly (D:5)
  A gnoll shaman (D:4)
  4 adders
  3 gnolls (D:4)
  2 adder skeletons (D:4)
  A dart slug (D:3)
  A bat (D:1)
  A giant cockroach (D:3)
  A goblin (D:2)
  A hobgoblin (D:3)
  A ball python (D:4)
  A frilled lizard (D:2)
22 creatures vanquished.

Notes
Turn   | Place    | Note
-------+----------+-------------------------------------------
     0 | D:1      | letownia2 the Deep Dwarf Necromancer began the quest for the Orb.
     0 | D:1      | Reached XP level 1. HP: 15/15 MP: 3/3
   128 | D:2      | Found a snail-covered altar of Cheibriados.
   328 | D:2      | Reached XP level 2. HP: 16/22 MP: 0/5
   471 | D:3      | Reached skill level 5 in Necromancy
   521 | D:4      | Reached XP level 3. HP: 20/28 MP: 2/6
   526 | D:4      | Learned a level 3 spell: Vampiric Draining
   683 | D:4      | Found a basalt altar of Yredelemnul.
   719 | D:4      | Reached skill level 6 in Necromancy
   719 | D:4      | Reached XP level 4. HP: 25/36 MP: 0/7
   904 | D:4      | Found a stormy altar of Qazlal.
   973 | D:4      | Reached XP level 5. HP: 31/42 MP: 0/8
  1176 | D:4      | Noticed a phantom
  1219 | D:4      | You fall through a shaft for 2 floors!
  1219 | D:6      | Found Touqoff's Distillery.
  1236 | D:6      | Reached skill level 7 in Necromancy
  1316 | D:6      | Noticed a hippogriff
  1329 | D:5      | Entered Level 5 of the Dungeon
  1329 | D:5      | Found Zihyv's Magic Scroll Shoppe.
  1331 | D:5      | Found a shadowy altar of Dithmenos.
  1394 | D:5      | Reached XP level 6. HP: 20/49 MP: 2/9
  1397 | D:5      | Reached skill level 8 in Necromancy
  1409 | D:5      | Killed from afar by a shadow imp

Skill      XL: |  1  2  3  4  5  6 |
---------------+-------------------+-----
Spellcasting   | 2 |  2.2
Necromancy     | 5 6 7 8 |  8.0
Dodging        | |  2.1
Stealth        | |  2.4

Action                   |  1- 3 |  4- 6 || total
-------------------------+-------+-------++-------
Melee: Short sword       |     9 |    13 ||    22
       Halberd           |     2 |    17 ||    19
 Cast: Pain              |    27 |     5 ||    32
       Vampiric Draining |     2 |    10 ||    12
  Eat: Chunk             |       |     2 ||     2
Armor: Ring mail         |     5 |    17 ||    22
       Robe              |     1 |       ||     1
Dodge: Dodged            |    13 |    19 ||    32
